 Dungeon Crawl Stone Soup version 0.19.4-10-g532645f (webtiles) character file.

86 raph the Charmwright (level 4, -2/30 HPs)
             Began as a Halfling Skald on Feb 24, 2017.
             Was a Follower of Uskayaw.
             Slain by Crazy Yiuf
             ... wielding a +2 quarterstaff of chaos
              (6 damage)
             ... on level 2 of the Dungeon.
             The game lasted 00:06:09 (2542 turns).

raph the Charmwright (Halfling Skald)               Turns: 2542, Time: 00:06:10

Health: -2/30      AC:  3    Str: 13    XL:     4   Next: 77%
Magic:  2/7        EV: 13    Int: 16    God:    Uskayaw [*.....]
Gold:   104        SH:  0    Dex: 14    Spells: 3 memorised, 2 levels left

rFire  . . .     SeeInvis .     a - +0 short sword
rCold  . . .     Gourm    .     b - +0 leather armour
rNeg   . . .     Faith    .     (shield restricted)
rPois  .         Spirit   .     (no helmet)
rElec  .         Reflect  .     (no cloak)
rCorr  .         Harm     .     (no gloves)
MR     .....                    (no boots)
Stlth  +.........               (no amulet)
                                z - +6 ring of intelligence
                                q - +5 ring of slaying

@: lethally poisoned (-2 -> -11), infused, very slightly contaminated
A: mutation resistance 1
a: Stomp, Renounce Religion


You were on level 2 of the Dungeon.
You worshipped Uskayaw.
Uskayaw was noncommittal.
You were not hungry.

You visited 1 branch of the dungeon, and saw 3 of its levels.

You collected 104 gold pieces.

Inventory:

Hand Weapons
 a - a +0 short sword (weapon)
 e - a +2 hunting sling of velocity
Missiles
 g - 239 stones (quivered)
 x - 24 sling bullets
Armour
 b - a +0 leather armour (worn)
Jewellery
 q - a +5 ring of slaying (left hand)
 z - a +6 ring of intelligence (right hand)
Wands
 r - a wand of iceblast (8/15)
Scrolls
 f - a scroll of magic mapping {unknown}
 h - a scroll of remove curse {unknown}
 j - 2 scrolls of enchant armour {unknown}
 m - 2 scrolls of teleportation {unknown}
 n - 6 scrolls of identify {unknown}
 v - a scroll of recharging {unknown}
 y - 2 scrolls of noise {unknown}
Potions
 k - a potion of flight {unknown}
 l - 2 potions of degeneration {unknown}
 p - a potion of heal wounds {unknown}
 t - a potion of beneficial mutation {unknown}
 u - a potion of curing {unknown}
Books
 c - a book of Battle

   Spells                             Type                      Level
   a - Infusion                       Charms                       1
   b - Shroud of Golubria             Charms/Translocation         2
   c - Song of Slaying                Charms                       2
   d - Spectral Weapon                Hexes/Charms                 3
   e - Regeneration                   Charms/Necromancy            3
Comestibles
 d - 6 bread rations
 i - a meat ration
 o - a slice of pizza
 s - 4 fruits


   Skills:
 * Level 2.5 Fighting
 * Level 3.5 Short Blades
 + Level 1.5 Armour
 + Level 1.2 Dodging
 + Level 2.0 Spellcasting
 + Level 3.8 Charms


You had 2 spell levels left.
You knew the following spells:

 Your Spells              Type           Power        Failure   Level  Hunger
a - Infusion              Chrm           ##..         8%          1    #......
b - Song of Slaying       Chrm           ##......     12%         2    ###....
c - Shroud of Golubria    Chrm/Tloc      #.........   21%         2    ###....


Dungeon Overview and Level Annotations

Branches:
Dungeon (3/15)

Altars:
Dithmenos
Uskayaw
Xom
Yredelemnul

Annotations:
D:2 Crazy Yiuf


Innate Abilities, Weirdness & Mutations

You are small and have problems with some larger weapons.
You are somewhat resistant to further mutation.


Message History

Crazy Yiuf hits you with a quarterstaff of chaos.
Crazy Yiuf freezes you.
You hit Crazy Yiuf.
Crazy Yiuf is moderately wounded.
Crazy Yiuf cries, "You leg down broken song, no?"
Crazy Yiuf drinks a potion.
Crazy Yiuf flickers and vanishes!
Deactivating autopickup; reactivate with Ctrl-A.
You miss something. Something hits you.
You are poisoned.
You hit something!
You feel sick. Something completely misses you.
You can now stomp with the beat.
You closely miss something.
You feel sick. Something hits you!
* * * LOW HITPOINT WARNING * * *
You barely miss something.
* * * LOW HITPOINT WARNING * * *
You feel sick. Something barely misses you.
You hit something.
* * * LOW HITPOINT WARNING * * *
You feel sick. Something hits you.
You die...

#.###..##..####..#..........#
#.# #..##..# #..#.#.#.<####.
#.# #..##..# #.........# #.
#.# ######## ########.## #.
#.# #.# ##. #.# #.# ##.. #.#
### #####.###..( #.# #)..###
##..#........ #.#
#...{@####.P..........
#####.####
#...##..#..P...#.#####
.........# ### ###.#.P.###.#
#####....# ####### #.# ######
#.# #.# #.##### #.#....
#.#.###


There were no monsters in sight!

Vanquished Creatures
  2 adders (D:2)
  2 oozes (D:2)
  A worm (D:2)
  A dart slug (D:1)
  4 leopard geckos
  3 orcs (D:3)
  2 giant cockroaches
  4 hobgoblins
  A quokka (D:2)
  3 bats
  12 frilled lizards
  5 goblins
  4 kobolds
  8 rats
  A fungus (D:2)
53 creatures vanquished.

Notes
Turn   | Place    | Note
-------+----------+-------------------------------------------
     0 | D:1      | raph the Halfling Skald began the quest for the Orb.
     0 | D:1      | Reached XP level 1. HP: 14/14 MP: 3/3
    74 | D:1      | Reached XP level 2. HP: 14/19 MP: 1/4
   148 | D:1      | Learned a level 2 spell: Song of Slaying
   558 | D:2      | You fall through a shaft!
   642 | D:3      | Reached XP level 3. HP: 22/24 MP: 5/5
   827 | D:3      | Learned a level 2 spell: Shroud of Golubria
  1767 | D:2      | Reached XP level 4. HP: 20/30 MP: 0/6
  2207 | D:2      | Found a shimmering altar of Xom.
  2207 | D:2      | Found a shadowy altar of Dithmenos.
  2207 | D:2      | Found a basalt altar of Yredelemnul.
  2207 | D:2      | Found a hide-covered altar of Uskayaw.
  2298 | D:2      | Became a worshipper of Uskayaw the Reveler
  2529 | D:2      | Found a runed door.
  2533 | D:2      | Noticed Crazy Yiuf
  2539 | D:2      | Reached * piety under Uskayaw
  2542 | D:2      | Slain by Crazy Yiuf

Skill      XL: |  1  2  3  4 |
---------------+-------------+-----
Fighting       | 2 |  2.5
Short Blades   | 3 |  3.5
Spellcasting   | 2 |  2.0
Armour         | |  1.5
Dodging        | |  1.2
Charms         | |  3.8

Action                   |  1- 3 |  4- 6 || total
-------------------------+-------+-------++-------
Melee: Short sword       |   108 |    57 ||   165
 Cast: Infusion          |    10 |     5 ||    15
       Song of Slaying   |     2 |       ||     2
  Eat: Chunk             |     3 |     3 ||     6
Armor: Leather armour    |    28 |     6 ||    34
Dodge: Dodged            |    72 |    31 ||   103
